 Dungeon Crawl Stone Soup version 0.20.1 (webtiles) character file.

324 KleinerIrrer the Insei (level 6, 0/38 HPs)
             Began as an Octopode Transmuter on July 2, 2017.
             Slain by a worker ant (8 damage)
             ... on level 5 of the Dungeon.
             The game lasted 00:08:21 (3920 turns).

KleinerIrrer the Insei (Octopode Transmuter)        Turns: 3920, Time: 00:08:21

Health: 0/38       AC:  1    Str: 10    XL:     6   Next: 48%
Magic:  11/11      EV: 14    Int: 16    God:
Gold:   206        SH:  0    Dex: 13    Spells: 5/12 levels left

rFire    . . .     SeeInvis +   h - +1 whip (venom)
rCold    + . .     Gourm    .   (no shield)
rNeg     . . .     Faith    .   (helmet restricted)
rPois    .         Spirit   .   (no amulet)
rElec    .         Reflect  .   k - ring of ice
rCorr    .         Harm     .   l - ring of fire
MR       +....                  x - ring of protection from magic
Stlth    ++........             (no ring)
Regen    0.2/turn               (no ring)
MPRegen  0.2/turn               (no ring)
                                (no ring)
                                (no ring)

@: no status effects
A: almost no armour, stealthy swim, amphibious, 8 rings, constrict 8, camouflage
1, see invisible, cold resistance 1, gelatinous body 1, MP-powered wands
a: no special abilities


You were on level 5 of the Dungeon.
You were hungry.

You visited 1 branch of the dungeon, and saw 5 of its levels.

You collected 206 gold pieces.

Inventory:

Hand Weapons
 h - a +1 whip of venom (weapon)
Missiles
 a - 64 arrows
Jewellery
 k - a ring of ice (left tentacle)
 l - a ring of fire (right tentacle)
 x - a ring of protection from magic (on tentacle)
Scrolls
 e - 2 scrolls of identify
 g - a scroll of enchant weapon {unknown}
 i - a scroll of teleportation
 n - 2 scrolls of immolation {unknown}
 o - a scroll of random uselessness {unknown}
 p - a scroll of blinking {unknown}
 q - a scroll of magic mapping {unknown}
 r - a scroll of enchant armour
 t - a scroll of remove curse {unknown}
Potions
 f - 2 potions of agility
 s - a potion of curing {unknown}
 u - a potion of brilliance {unknown}
 v - a potion of ambrosia {unknown}
 z - a potion of heal wounds {unknown}
Books
 b - a book of Changes

   Spells                             Type                      Level
   a - Beastly Appendage              Transmutation                1
   b - Sticks to Snakes               Transmutation                2
   c - Spider Form                    Transmutation/Poison         3
   d - Ice Form                       Ice/Transmutation            4
   e - Blade Hands                    Transmutation                5
Comestibles
 c - a bread ration
 d - a royal jelly
 j - 3 fruits
 m - a meat ration


   Skills:
 + Level 1.5 Fighting
 + Level 3.0 Dodging
 - Level 4.2 Unarmed Combat
 * Level 3.9 Spellcasting
 * Level 3.4 Transmutations
 * Level 0.6 Ice Magic


You had 5 spell levels left.
You knew the following spells:

 Your Spells              Type           Power        Failure   Level  Hunger
a - Beastly Appendage     Tmut           ##....       4%          1    None
b - Sticks to Snakes      Tmut           ##......     6%          2    ##.....
c - Ice Form              Ice/Tmut       ##......     58%         4    ####...


Dungeon Overview and Level Annotations

Branches:
Dungeon (5/15)
 Temple: D:4-7

Altars:
Fedhas
Uskayaw

Annotations:
D:3 foolusion's ghost, amateur HOFi
D:5 Prince Ribbit


Innate Abilities, Weirdness & Mutations

You cannot wear most types of armour.
You are very stealthy in the water. (Stealth+)
You are amphibious.
You can wear up to eight rings at the same time.
You can use your tentacles to constrict eight enemies at once.
Your skin changes colour to match your surroundings (Stealth+).
Your rubbery body absorbs attacks. (AC +1, EV +1)
You have supernaturally acute eyesight. (SInv)
Your flesh is cold resistant. (rC+)
You expend magic power (3 MP) to strengthen your wands.


Message History

Your ball python bites the worker ant but does no damage.
Your ball python barely misses the worker ant.
The worker ant closely misses you.
Your ball python bites the worker ant.
Your ball python barely misses the worker ant.
Your tentacle spike disappears.
A hound comes into view.
The worker ant barely misses you.
Your ball python barely misses the worker ant. x2
Prince Ribbit catches a fly with his tongue.
Prince Ribbit blinks!
The worker ant closely misses you.
Your ball python bites the worker ant.
Your ball python barely misses the worker ant.
The hound bites your ball python.
Your ball python dies!
The hound stops to sniff the ground.
The worker ant misses you. The worker ant completely misses you.
The worker ant bites you!
You die...

.###.######## #......# ###.
............# ####F### #.
####.######.# ##o## #. #.#
#.# #.#.# #+ ####.# #.#
#..## .....# ####.# #.###
..######.##.# #.#.##
...####...#.########....###
...'............@ah........+
...####...#.####.###....####
..## ##....# #.# #.#.## .##
###### ### ##### ## # ### ♣
♣ ########.#♣.♣.♣
..........PP.♣
####.#....PP♣♣


You could see a hound and a worker ant.

Vanquished Creatures
  A centaur (D:5)
  A scorpion (D:5)
  An orc wizard (D:3)
  An orc priest (D:5)
  Terence (D:2)
  4 adders
  A dart slug (D:1)
  A leopard gecko (D:1)
  5 orcs
  4 giant cockroaches
  3 goblins
  6 hobgoblins
  2 jackals (D:5)
  A ball python (D:2)
  3 bats
  5 frilled lizards (D:2)
  9 kobolds
  7 rats
56 creatures vanquished.

Vanquished Creatures (collateral kills)
  An orc wizard (D:3)
  A goblin (D:3)
2 creatures vanquished.

Grand Total: 58 creatures vanquished

Notes
Turn   | Place    | Note
-------+----------+-------------------------------------------
     0 | D:1      | KleinerIrrer the Octopode Transmuter began the quest for the Orb.
     0 | D:1      | Reached XP level 1. HP: 13/13 MP: 3/3
   264 | D:1      | Reached XP level 2. HP: 15/18 MP: 5/5
   271 | D:1      | Learned a level 2 spell: Sticks to Snakes
   885 | D:2      | Found a hide-covered altar of Uskayaw.
   898 | D:2      | Reached XP level 3. HP: 11/23 MP: 6/6
   909 | D:2      | Gained mutation: Your flesh is cold resistant. (rC+) [potion of mutation]
   909 | D:2      | Gained mutation: You expend magic power (3 MP) to strengthen your wands. [potion of mutation]
   909 | D:2      | Gained mutation: You have supernaturally acute eyesight. (SInv) [potion of mutation]
   916 | D:2      | HP: 1/23 [poisoned by an adder]
  1252 | D:2      | Noticed Terence
  1264 | D:2      | Killed Terence
  1264 | D:2      | Reached skill level 4 in Unarmed Combat
  1264 | D:2      | Reached XP level 4. HP: 17/28 MP: 1/7
  1808 | D:3      | Noticed foolusion's ghost (amateur HOFi)
  2438 | D:3      | Reached XP level 5. HP: 10/33 MP: 5/9
  3133 | D:5      | Entered Level 5 of the Dungeon
  3133 | D:5      | Noticed a centaur
  3144 | D:5      | Killed a centaur
  3144 | D:5      | Reached XP level 6. HP: 17/38 MP: 7/11
  3324 | D:5      | Learned a level 4 spell: Ice Form
  3861 | D:5      | Found a blossoming altar of Fedhas.
  3887 | D:5      | Noticed Prince Ribbit
  3920 | D:5      | Slain by a worker ant

Skill      XL: |  1  2  3  4  5 |
---------------+----------------+-----
Unarmed Combat | 4 |  4.2
Spellcasting   | 3 |  3.9
Dodging        | 3 |  3.0
Transmutations | 3 |  3.4
Fighting       | |  1.5
Ice Magic      | |  0.6

Action                   |  1- 3 |  4- 6 || total
-------------------------+-------+-------++-------
Melee: Unarmed           |    67 |     1 ||    68
       Constrict         |    15 |    19 ||    34
       Tentacles         |     7 |    12 ||    19
       Kick              |     2 |     5 ||     7
       Whip              |       |    69 ||    69
       Punch             |       |     4 ||     4
 Cast: Beastly Appendage |     1 |     4 ||     5
       Sticks to Snakes  |     3 |     6 ||     9
  Use: Scroll            |     4 |       ||     4
       Potion            |     4 |       ||     4
 Stab: Sleeping          |     7 |     2 ||     9
       Distracted        |     1 |       ||     1
  Eat: Chunk             |     1 |     4 ||     5
       Bread ration      |       |     1 ||     1
Armor: Skin              |     2 |     3 ||     5
Dodge: Dodged            |    33 |    58 ||    91
